 Dungeon Crawl Stone Soup version 0.16-a0-3303-g3c4fcab (webtiles) character file.

36 Fiveotanaka the Digger (level 3, -1/19 HPs)
             Began as a Gargoyle Earth Elementalist on Dec 25, 2014.
             Slain by a gnoll (7 damage)
             ... on level 2 of the Dungeon.
             The game lasted 00:06:27 (2261 turns).

Fiveotanaka the Digger (GrEE)                       Turns: 2261, Time: 00:06:27

Health: -1/19      AC:  5    Str: 11    XL:     3   Next: 37%
Magic:  15/15      EV: 12    Int: 16    God:
Gold:   62         SH:  0    Dex: 10    Spells: 2 memorised, 2 levels left

rFire  . . .     SeeInvis .     o - +1 dagger (holy)
rCold  . . .     Clarity  .     c - +0 robe
rNeg   + . .     SustAb   .     (no shield)
rPois  ∞         Gourm    .     (no helmet)
rElec  +         Spirit   .     (no cloak)
rCorr  .         Warding  .     (no gloves)
rMut   .         Stasis   .     (no boots)
MR     .....                    e - amulet of faith (curse)
Stlth  ++........               (no ring)
                                s - ring of magical power

@: not resistant to hostile enchantments, unstealthy
A: negative energy resistance 1, electricity resistance, unbreathing,
petrification resistance, rot immunity, AC +3
a: no special abilities


You were on level 2 of the Dungeon.
You were not hungry.

You visited 1 branch of the dungeon, and saw 2 of its levels.

You collected 62 gold pieces.

Inventory:

Hand weapons
 j - a +0 dagger
 o - a +1 dagger of holy wrath (weapon)
Missiles
 b - 136 stones (quivered)
 g - 16 poisoned needles
 l - 5 needles of frenzy
Armour
 c - a +0 robe (worn)
Jewellery
 e - a cursed amulet of faith (around neck)
 s - a ring of magical power (left hand)
Scrolls
 i - a scroll of amnesia {unknown}
 k - 2 scrolls of teleportation {unknown}
 m - a scroll of blinking {unknown}
 n - a scroll of fear {unknown}
 p - a scroll of immolation {unknown}
Potions
 f - a potion of brilliance {unknown}
 h - 2 potions of haste {unknown}
Books
 d - a book of Geomancy

   Spells                             Type                      Level
   a - Sandblast                      Earth                        1
   b - Stoneskin                      Transmutation/Earth          2
   c - Passwall                       Transmutation/Earth          3
   d - Stone Arrow                    Conjuration/Earth            3
   e - Petrify                        Transmutation/Earth          4
   f - Lee's Rapid Deconstruction     Earth                        5
Comestibles
 a - 3 bread rations
 r - a meat ration


   Skills:
 - Level 1.5 Dodging
 - Level 2.1 Stealth
 - Level 2.0 Spellcasting
   Level 0.7 Transmutations
 + Level 5.2 Earth Magic


You had 2 spell levels left.
You knew the following spells:

 Your Spells              Type           Power        Failure   Level  Hunger
a - Sandblast             Erth           ###...       2%          1    #......
b - Stone Arrow           Conj/Erth      ##....       21%         3    ###....


Dungeon Overview and Level Annotations

Branches:
Dungeon (2/15)

Altars:


Innate Abilities, Weirdness & Mutations

You are resistant to torment.
You are immune to poison.
Your stone body is very resilient (AC +3).
You resist negative energy.
You are resistant to electric shocks.
You can survive without breathing.
You are immune to petrification.
You are immune to rotting.


Message History

Aim: a gnoll (hasn't noticed you)
The stone arrow misses the gnoll.
The gnoll throws a throwing net.
The throwing net hits you.
You become entangled in the net!
You try to slip out of the net.
You try to slip out of the net.
You struggle against the net.
You slip out of the net!
The gnoll hits you but does no damage.
The gnoll throws a throwing net.
The throwing net hits you.
You become entangled in the net!
You see here a throwing net.
You struggle against the net.
You try to slip out of the net.
The gnoll closely misses you.
The gnoll hits you from afar with a halberd.
You try to slip out of the net.
The gnoll hits you.
You slip out of the net!
The gnoll hits you. As you open the door, it creaks loudly! The gnoll hits you!
There is an open door here.
The gnoll hits you!
You die...

###.#.#.......# ..............+ .
.....##.......####..#
.....#######.....#..#
.....#######+##'##..#
.....#..........g#..#############
................g#..##...........
###+#...........g#..##...........
................@#..##...........
.................'..##...........
.................#.###...........
###'#.########.###...............
###.#.# #.# #####..[........
.##.#.# #.# #........... .##.#.#
#.# #######.#### .##.#.########.#
#.# .##.#.#........# #.#


You could see 3 gnolls.

Vanquished Creatures
  2 giant geckos (D:1)
  An ooze (D:1)
  A giant cockroach (D:1)
  5 goblins
  4 hobgoblins
  3 jackals (D:2)
  A ball python (D:1)
  7 bats
  3 giant newts
  3 kobolds (D:1)
  3 rats
33 creatures vanquished.

Notes
Turn   | Place    | Note
--------------------------------------------------------------
     0 | D:1      | Fiveotanaka, the Gargoyle Earth Elementalist, began the quest for the Orb.
     0 | D:1      | Reached XP level 1. HP: 10/10 MP: 3/3
   343 | D:1      | Reached skill level 4 in Earth Magic
   515 | D:1      | Reached XP level 2. HP: 12/15 MP: 1/4
  1422 | D:1      | Reached XP level 3. HP: 10/19 MP: 1/6
  1687 | D:2      | Reached skill level 5 in Earth Magic
  2216 | D:2      | Learned a level 3 spell: Stone Arrow
  2261 | D:2      | Slain by a gnoll

Action                   || total
-------------------------++-------
Melee: Unarmed           ||    11
       Dagger            ||    57
Throw: Stone             ||     1
 Cast: Sandblast         ||    60
       Stone Arrow       ||     1
 Stab: Sleeping          ||     1
  Eat: Chunk             ||     5
